 Dungeon Crawl Stone Soup version 0.20.1-1-g8b1a95d (webtiles) character file.

91 ANON1729 the Firebug (level 4, -2/24 HPs)
             Began as a Tengu Fire Elementalist on July 31, 2017.
             Slain by a gnoll
             ... wielding a +0 flail
              (12 damage)
             ... on level 2 of the Dungeon.
             The game lasted 00:03:39 (1673 turns).

ANON1729 the Firebug (Tengu Fire Elementalist)      Turns: 1673, Time: 00:03:40

Health: -2/24      AC:  2    Str:  8    XL:     4   Next: 59%
Magic:  0/9        EV: 12    Int: 16    God:
Gold:   54         SH:  5    Dex: 15    Spells: 8/9 levels left

rFire    . . .     SeeInvis .   f - +0 short sword
rCold    . . .     Gourm    .   e - +2 buckler
rNeg     . . .     Faith    .   a - +0 robe
rPois    .         Spirit   .   (helmet restricted)
rElec    .         Reflect  .   (no cloak)
rCorr    .         Harm     .   (no gloves)
MR       .....                  (boots unavailable)
Stlth    ++........             (no amulet)
Regen    0.1/turn               (no ring)
MPRegen  0.2/turn               (no ring)

@: no status effects
A: beak, talons 3
a: no special abilities


You were on level 2 of the Dungeon.
You were not hungry.

You visited 1 branch of the dungeon, and saw 2 of its levels.

You collected 54 gold pieces.

Inventory:

Hand Weapons
 f - a +0 short sword (weapon)
Armour
 a - a +0 robe (worn)
 e - a +2 buckler (worn)
Jewellery
 l - an uncursed ring of stealth {unknown}
Scrolls
 d - 2 scrolls of identify {unknown}
 j - a scroll of magic mapping {unknown}
 k - a scroll of teleportation {unknown}
 m - a scroll of remove curse {unknown}
Potions
 h - 2 potions of flight {unknown}
 i - a potion of might {unknown}
Books
 b - a book of Flames

   Spells                             Type                      Level
   a - Flame Tongue                   Conjuration/Fire             1
   b - Throw Flame                    Conjuration/Fire             2
   c - Conjure Flame                  Conjuration/Fire             3
   d - Inner Flame                    Hexes/Fire                   3
   e - Sticky Flame                   Conjuration/Fire             4
   f - Fireball                       Conjuration/Fire             5
Comestibles
 c - a bread ration
 g - 2 chunks of flesh


   Skills:
 - Level 2.1 Dodging
 - Level 2.0 Stealth
 + Level 3.1 Spellcasting
 + Level 2.8 Conjurations
 + Level 4.3 Fire Magic


You had 8 spell levels left.
You knew the following spells:

 Your Spells              Type           Power        Failure   Level  Hunger
a - Flame Tongue          Conj/Fire      ##...        7%          1    None


Dungeon Overview and Level Annotations

Branches:
Dungeon (2/15)

Altars:
Makhleb


Innate Abilities, Weirdness & Mutations

You have a beak for a mouth.
You have claws for feet.


Message History

The gnoll is heavily wounded.
The gnoll completely misses you.
Your magical contamination has completely faded away.
Casting: Flame Tongue
Confirm with . or Enter, or press ? or * to list all spells.
Aiming: Flame Tongue
Press: ? - help, Shift-Dir - straight line, f/p - gnoll
Aim: a gnoll, wielding a spear (heavily wounded)
The flame tongue hits the gnoll.
The gnoll is almost dead.
The gnoll hits you but does no damage. You block the gnoll's attack.
The gnoll hits you with a spear.
You closely miss the gnoll. You claw the gnoll.
You kill the gnoll!
You hit the gnoll. You claw the gnoll. You peck the gnoll.
The gnoll is almost dead.
The gnoll hits you with a flail!
Ouch! That really hurt!
You die...

#........ ###
.##..#.##. #..
........... #.#.
####.##.##. #.##..#
#.^#.#.# #.##..#
#.#...##
#.##..#####.##....
#.##...........###
#@#.........##....
#g#....#.(รท.##.###
##.......#.#.##.#
#..........#)##.#
#........#.#.##.#
#............##..
#......#.....####
#.#.#.......##
#.##...#..#.#


You could see a gnoll.

Vanquished Creatures
  3 gnolls (D:2)
  An adder (D:2)
  6 dart slugs
  A leopard gecko (D:1)
  8 bats
  A giant cockroach (D:1)
  A goblin (D:1)
  6 hobgoblins
  5 jackals (D:1)
  5 frilled lizards
  3 kobolds
  3 rats (D:1)
43 creatures vanquished.

Notes
Turn   | Place    | Note
-------+----------+-------------------------------------------
     0 | D:1      | ANON1729 the Tengu Fire Elementalist began the quest for the Orb.
     0 | D:1      | Reached XP level 1. HP: 10/10 MP: 4/4
   324 | D:1      | Reached XP level 2. HP: 15/15 MP: 4/6
   640 | D:1      | Reached XP level 3. HP: 18/19 MP: 7/7
  1271 | D:2      | Reached skill level 4 in Fire Magic
  1544 | D:2      | Found a burning altar of Makhleb.
  1564 | D:2      | Reached XP level 4. HP: 23/24 MP: 5/9
  1673 | D:2      | Slain by a gnoll

Skill      XL: |  1  2  3  4 |
---------------+-------------+-----
Conjurations   | 2 |  2.8
Fire Magic     | 4 |  4.3
Spellcasting   | 3 |  3.1
Dodging        | |  2.1
Stealth        | |  2.0

Action                   |  1- 3 |  4- 6 || total
-------------------------+-------+-------++-------
Melee: Kick              |    10 |     3 ||    13
       Unarmed           |     2 |       ||     2
       Short sword       |    40 |     3 ||    43
       Peck              |     2 |     1 ||     3
 Cast: Flame Tongue      |    43 |    14 ||    57
  Eat: Chunk             |     2 |     1 ||     3
Armor: Robe              |    12 |       ||    12
Dodge: Dodged            |    42 |     7 ||    49
Block: Buckler           |    15 |     4 ||    19
